 Dungeon Crawl Stone Soup version 0.32-a0-616-g9348d4545b (webtiles) character file.

Game seed: 17182238215042572698

25 javelincjr the Grasshopper (level 2, -4/23 HPs)
             Began as a Demonspawn Warper on Mar 5, 2024.
             Slain by an orc
             ... wielding a +0 morningstar
              (10 damage)
             ... on level 1 of the Dungeon.
             The game lasted 00:01:58 (788 turns).

javelincjr the Grasshopper (Demonspawn Warper)       Turns: 788, Time: 00:01:58

Health: -4/23      AC:  3    Str: 11    XL:     2   Next: 82%
Magic:  5/5        EV: 11    Int: 13    God:
Gold:   19         SH:  0    Dex: 12    Spells: 5/5 levels left

rFire   . . .        g - +1 sling (elec)
rCold   . . .        (no shield)
rNeg    . . .        b - +0 leather armour
rPois   .            (helmet restricted)
rElec   .            (no cloak)
rCorr   .            (no gloves)
SInv    .            (no boots)
Will    .....        (no amulet)
Stlth   +            (no ring)
HPRegen 0.23/turn    (no ring)
MPRegen 0.09/turn

%: no passive effects
@: no status effects
A: antennae 1
a: no special abilities


You were on level 1 of the Dungeon.
You visited 1 branch of the dungeon, and saw 2 of its levels.

You collected 19 gold pieces.

Inventory:

Hand Weapons
 a - a +0 spear
 g - a +1 sling of electrocution (weapon)
Missiles
 d - 7 darts of dispersal
 i - 5 datura-tipped darts
Armour
 b - a +0 leather armour (worn)
Scrolls
 c - a scroll of blinking
 f - a scroll of enchant weapon {unknown}
 j - a scroll of amnesia {unknown}
Potions
 e - a potion of curing {unknown}
 h - a potion of enlightenment {unknown}
 k - a potion of berserk rage {unknown}


   Skills:
 * Level 2.4 Fighting
 + Level 2.0 Polearms
 + Level 0.1 Ranged Weapons
 - Level 1.0 Throwing
 + Level 1.3 Armour
 + Level 1.9 Dodging
 + Level 2.1 Spellcasting
 + Level 2.8 Translocations


You had 5 spell levels left.
You didn't know any spells.
Your spell library contained the following spells:

 Spells                   Type           Power      Damage    Failure   Level
 Blink                    Tloc           16%        N/A       16%         2
 Lesser Beckoning         Tloc           16%        N/A       16%         2
 Teleport Other           Tloc           8%         N/A       30%         3
 Manifold Assault         Tloc           8%         N/A       71%         4
 Vhi's Electric Charge    Tloc/Air       10%        N/A       88%         4


Dungeon Overview and Level Annotations

Branches:
Dungeon (2/15)

Altars:


Innate Abilities, Weirdness & Mutations

You have a pair of small antennae on your head.


Message History

The orc wizard gestures at you while chanting.
You resist with significant effort. The goblin hits you but does no damage.
An orc comes into view. It is wielding a +0 dagger.
You shoot a sling bullet. The sling bullet hits the goblin.
You kill the goblin!
The orc wizard completely misses you.
You shoot a sling bullet. The sling bullet hits the orc wizard.
The orc wizard is moderately wounded.
The orc wizard mumbles some strange words.
The orc wizard flickers and vanishes!
Deactivating autopickup; reactivate with Ctrl-A.
The orc barely misses you. Something hits you but does no damage.
The orc hits you with a +0 morningstar!
You are too injured to fight recklessly!
You are too injured to fight recklessly!
You are too injured to fight recklessly!
You are too injured to fight recklessly!
Something hits you.
* * * LOW HITPOINT WARNING * * *
The orc attacks as it pursues you! The orc hits you but does no damage.
The orc attacks as it pursues you! The orc barely misses you.
There is a stone staircase leading up here.
The orc barely misses you.
You climb upwards.
Reactivating autopickup.
There is a stone staircase leading down here.
You are too injured to fight recklessly!
You are too injured to fight recklessly!
Fire: g) +1 sling (elec)
Press: ? - help, Q - select action, (/) - cycle Shift-Dir - straight line, f - orc
Aim: an orc, wielding a +0 morningstar (56% to hit)
You shoot a sling bullet. The sling bullet hits the orc.
The orc is lightly wounded.
The orc closely misses you.
Fire: g) +1 sling (elec)
Press: ? - help, Q - select action, (/) - cycle Shift-Dir - straight line, f/p - orc
Aim: an orc, wielding a +0 morningstar (lightly wounded, 56% to hit)
You shoot a sling bullet. The sling bullet barely misses the orc.
The orc hits you with a +0 morningstar!
You die...

#.#
#########..#######.....#
#.##
###ß...ß#...........###..#
...# ##.........##.######.#
#..# #..###.....<.....#.#
#.# #..#
...^.............#.#
##.###..#
...###.##ß...ß##.#.#
##...##..# ...#
#.###...###.#.# #.....#..#
..## #.##ß.>.ß#o...#
##...##.># ..#
#.##.....##@..# ##.###..#
..# #.##.....##...# #.#
#..# ..# #.##.....##...#
#.# #..# ..#
#.##ß.<.ß##..##### #.# #..#
)#####..#######...>...# #.#
#..# .###........#
##..###.# #.# #..#
.#.....###..# #..# #.# #.#
#..#
.#......##..####.####.###.#
#..#
.....................†....#
#..#


You could see an orc.

Vanquished Creatures
  2 orcs (D:2)
  3 bats (D:1)
  2 endoplasms (D:1)
  A giant cockroach (D:2)
  3 goblins
  3 jackals (D:1)
  2 kobolds (D:1)
  A ball python (D:1)
  4 rats (D:1)
21 creatures vanquished.

Notes
Turn   | Place    | Note
-------+----------+-------------------------------------------
     0 | D:1      | javelincjr the Demonspawn Warper began the quest for the
                  | Orb.
     0 | D:1      | Reached XP level 1. HP: 16/16 MP: 3/3
   117 | D:1      | Reached skill level 1 in Armour
   205 | D:1      | Reached skill level 1 in Throwing
   257 | D:1      | Gained mutation: You have a pair of small antennae on your
                  | head. [demonic ancestry]
   257 | D:1      | Reached XP level 2. HP: 22/22 MP: 5/5
   788 | D:1      | Slain by an orc

Illustrated notes

Levels and vault maps discovered:
D:1:      nicolae_arrival_escape_room, layout_loops_ring, minmay_splitting_lines
D:2:      layout_basic, hellmonk_ecumenical_altar_watching_god,
          skrybe_limestone_x, minmay_diced_spiral, uniq_jessica, uniq_terence

Skill      XL: |  1  2 |
---------------+-------+-----
Armour         | 1 |  1.3
Throwing       | 1 |  1.0
Polearms       | 2 |  2.0
Fighting       | |  2.4
Ranged Weapons | |  0.1
Dodging        | |  1.9
Spellcasting   | |  2.1
Translocations | |  2.8

Action                     || total
---------------------------++-------
  Melee: Spear             ||    36
   Fire: Sling             ||    44
 Armour: Leather armour    ||    42
  Dodge: Dodged            ||    47

Table legend: (Time is in decaauts)
 A = Elapsed time spent in this place.
 B = Non-inter-level travel time spent in this place.
 C = Inter-level travel time spent in this place.
 D = Time resting spent in this place.
 E = Time spent auto-exploring this place.
 F = Levels seen in this place.
 G = Mean time per level.
                   A        B        C        D        E       F      G
               +--------+--------+--------+--------+--------+-----+--------+
         Total |    806 |    760 |     46 |      0 |    601 |   2 |  403.0 |
       Dungeon |    806 |    760 |     46 |      0 |    601 |   2 |  403.0 |
               +--------+--------+--------+--------+--------+-----+--------+

Top non-repeatable levels by time:
     D:1: 767 daAuts
     D:2: 38 daAuts
